 Dungeon Crawl Stone Soup version 0.18-a0-1378-g7babcad (webtiles) character file.

39 Oddball22 the Grave Robber (level 3, -4/18 HPs)
             Began as a Vine Stalker Necromancer on Feb 22, 2016.
             Slain by a worm (9 damage)
             ... on level 2 of the Dungeon.
             The game lasted 00:04:16 (924 turns).

Oddball22 the Grave Robber (VSNe)                    Turns: 924, Time: 00:04:16

Health: -4/18      AC:  4    Str: 10    XL:     3   Next: 45%
Magic:  0/7        EV: 12    Int: 15    God:
Gold:   18         SH:  0    Dex: 15    Spells: 1 memorised, 5 levels left

rFire  . . .     SeeInvis .     (no weapon)
rCold  . . .     Gourm    .     a - +0 robe
rNeg   . . .     Faith    .     (no shield)
rPois  .         Spirit   +     l - +1 helmet
rElec  .         Dismiss  .     (no cloak)
rCorr  .         Reflect  .     (no gloves)
SustAt .         Harm     .     (no boots)
MR     .....                    (no amulet)
Stlth  ++........               (no ring)
                                (no ring)

@: very slightly contaminated, not resistant to hostile enchantments, unstealthy
A: fangs 2, regeneration 1, magic shield, antimagic bite, no device heal 3, rot
immunity
a: no special abilities


You were on level 2 of the Dungeon.
You were hungry.

You visited 1 branch of the dungeon, and saw 2 of its levels.

You collected 18 gold pieces.

Inventory:

Armour
 a - a +0 robe (worn)
 l - a +1 helmet (worn)
Scrolls
 e - a scroll of fear {unknown}
 f - a scroll of enchant armour {unknown}
 i - 4 scrolls of identify {unknown}
 m - a scroll of remove curse {unknown}
Potions
 d - a potion of agility {unknown}
 g - a potion of might {unknown}
 h - 2 potions of degeneration {unknown}
 j - a potion of heal wounds {unknown}
 k - a potion of berserk rage {unknown}
Books
 b - a book of Necromancy

   Spells                             Type                      Level
   a - Pain                           Necromancy                   1
   b - Animate Skeleton               Necromancy                   1
   c - Vampiric Draining              Necromancy                   3
   d - Regeneration                   Charms/Necromancy            3
   e - Animate Dead                   Necromancy                   4
   f - Control Undead                 Necromancy                   4
Comestibles
 c - 2 bread rations


   Skills:
 * Level 2.2 Fighting
 + Level 2.0 Dodging
 - Level 2.4 Stealth
 - Level 2.1 Spellcasting
 - Level 4.0 Necromancy


You had 5 spell levels left.
You knew the following spells:

 Your Spells              Type           Power        Failure   Level  Hunger
a - Pain                  Necr           ##..         4%          1    #......


Dungeon Overview and Level Annotations

Branches:
Dungeon (2/15)

Altars:


Innate Abilities, Weirdness & Mutations

You have extremely sharp teeth.
Your natural rate of healing is unusually fast.
When hurt, damage is shared between your health and your magic reserves.
Your bite disrupts and absorbs the magic of your enemies.
Potions and wands cannot restore your health.
You are immune to rotting.


Message History

The worm is heavily wounded.
You hit the worm but do no damage. Your bite misses the worm.
The worm is heavily wounded.
The worm bites you.
You hit the worm. Your bite misses the worm.
The worm is heavily wounded.
You barely miss the worm.
The worm is heavily wounded.
The worm bites you.
You barely miss the worm.
The worm is heavily wounded.
The worm bites you.
* * * LOW HITPOINT WARNING * * *
You hit the worm.
The worm is heavily wounded.
You hit the worm.
The worm is heavily wounded.
The worm bites you!
Ouch! That really hurt!
You die...

#......................#
#.....#.................
#.......................
###..<..................
##.....#####...........
#......# #######w....
#.....## #.....
##.....######## #.....
#........@......#####.....
#.........w...............
#..........>...........###
#......................#
#.......#....<...........$
#.......#...............##
.......#...............#
......#.......##........
..! #.......##........


You could see a worm.

Vanquished Creatures
  An ooze (D:1)
  A giant gecko (D:1)
  4 bats (D:1)
  2 giant cockroaches (D:1)
  3 goblins (D:1)
  3 hobgoblins (D:1)
  3 jackals (D:1)
  4 kobolds (D:1)
  2 giant newts (D:1)
  8 rats
31 creatures vanquished.

Notes
Turn   | Place    | Note
--------------------------------------------------------------
     0 | D:1      | Oddball22 the Vine Stalker Necromancer began the quest for the Orb.
     0 | D:1      | Reached XP level 1. HP: 9/9 MP: 4/4
    60 | D:1      | Reached skill level 1 in Fighting
    60 | D:1      | Reached XP level 2. HP: 8/14 MP: 4/6
   290 | D:1      | Reached XP level 3. HP: 18/18 MP: 4/7
   924 | D:2      | Slain by a worm

Vault maps used:
D:1:      dpeg_arrival_erosion
D:2:      serial_bayou_lake_a

Action                   || total
-------------------------++-------
Melee: Unarmed           ||   144
 Cast: Pain              ||    25
 Stab: Sleeping          ||     2
       Distracted        ||     1
